 Dungeon Crawl Stone Soup version 0.30.0-18-gc0e69614cb (webtiles) character file.

Game seed: 10670210147741899031

154 Hades the Trooper (level 5, -6/42 HPs)
             Began as a Demonspawn Fighter on May 23, 2023.
             Killed from afar by a white imp (11 damage)
             ... with a puff of frost
             ... on level 5 of the Dungeon.
             The game lasted 00:15:38 (2637 turns).

Hades the Trooper (Demonspawn Fighter)              Turns: 2637, Time: 00:15:39

Health: -6/42      AC:  7    Str: 18    XL:     5   Next: 13%
Magic:  6/6        EV:  9    Int: 10    God:
Gold:   159        SH:  4    Dex: 12    Spells: 6/6 levels left

rFire   . . .        m - +3 short sword
rCold   . . .        c - +0 buckler
rNeg    . . .        b - +1 scale mail
rPois   .            (helmet restricted)
rElec   .            (no cloak)
rCorr   .            (no gloves)
SInv    .            (no boots)
Will    .....        (no amulet) Stlth
                     (no ring)
HPRegen 0.27/turn    (no ring)
MPRegen 0.10/turn

%: no passive effects
@: no status effects
A: horns 1
a: no special abilities


You were on level 5 of the Dungeon.
You visited 1 branch of the dungeon, and saw 5 of its levels.

You collected 159 gold pieces.

Inventory:

Hand Weapons
 a - a +0 long sword
 j - a +0 spear
 k - a +2 heavy hand axe
 m - a +3 short sword (weapon)
Armour
 b - a +1 scale mail (worn)
 c - a +0 buckler (worn)
 e - a +0 helmet
Jewellery
 l - a ring of see invisible
 n - a +5 ring of evasion
 r - a ring of positive energy
Wands
 h - a wand of digging (4)
 p - a wand of iceblast (4)
Scrolls
 f - 6 scrolls of identify
 i - 4 scrolls of vulnerability
 o - a scroll of immolation {unknown}
 q - a scroll of noise {unknown}
Potions
 d - a potion of haste


   Skills:
 + Level 3.6 Fighting
 + Level 2.8 Long Blades
 + Level 3.5 Armour
 + Level 0.4 Dodging
 + Level 3.1 Shields
 * Level 1.1 Spellcasting
 * Level 0.4 Evocations


You had 6 spell levels left.
You didn't know any spells.
Your spell library contained the following spells:

 Spells                   Type           Power      Damage    Failure   Level
 Cause Fear               Hex            0%         N/A       100%        4
 Dragon Form              Tmut           0%         N/A       100%        7
 Dragon's Call            Summ           0%         N/A       100%        9


Dungeon Overview and Level Annotations

Branches:
Dungeon (5/15)
 Temple: D:4-7

Altars:

Shops:
D:1 !

Annotations:
D:4 Edmund


Innate Abilities, Weirdness & Mutations

You have a pair of small horns on your head.


Message History

The ufetubus hits you but does no damage.
The quokka bites you but does no damage.
The orc closely misses you. The orc hits you but does no damage.
The orc shouts!
Found 12 gold pieces.
As you read the scroll of teleportation, it crumbles to dust.
You feel strangely unstable. The ufetubus hits you.
* * * LOW HITPOINT WARNING * * *
The ufetubus barely misses you. The quokka bites you.
* * * LOW HITPOINT WARNING * * *
The ufetubus attacks as you move away! The ufetubus closely misses you.
The ufetubus barely misses you. The ufetubus hits you.
* * * LOW HITPOINT WARNING * * *
The ufetubus barely misses you.
You closely miss the quokka. The ufetubus barely misses you.
The ufetubus hits you.
* * * LOW HITPOINT WARNING * * *
The quokka bites you but does no damage.
You closely miss the quokka. Your headbutt misses the quokka.
The ufetubus hits you but does no damage. x2
The quokka barely misses you. You block the orc's attack.
You hit the quokka.
The quokka is heavily wounded.
Your extra speed is starting to run out.
Your surroundings suddenly seem different.
Edmund the Younger comes into view.
He is wielding a +2 flail of holy wrath and wearing a +4 scale mail of cold resistance.
Found a stone staircase leading up.
Edmund shouts!
You climb downwards.
Reactivating autopickup.
Found a stone staircase leading down.
There is a stone staircase leading up here.
A white imp is nearby!
You start resting.
You feel yourself slow down.
The white imp grins evilly.
The white imp gestures at you. The puff of frost hits you!
You die...

### #.#...P~≈#
#.#....≈≈#
#.#....~≈# #
..#....~≈# #5.
#.#....~≈≈ #...
#.#....~~~
#....##@#.....P.
.....5..........
#....#.....####.
#.......<....#
#...............
##.#............
#. #............
# #.........#.#
#.........#.#


You could see a white imp.

Vanquished Creatures
  An orc wizard (D:4)
  7 adders
  An ufetubus (D:4)
  A worm (D:2)
  A dart slug (D:2)
  4 orcs
  2 bats (D:1)
  3 endoplasms
  2 giant cockroaches
  3 goblins
  7 hobgoblins
  4 jackals (D:2)
  8 kobolds
  A quokka (D:3)
  2 ball pythons
  2 frilled lizards (D:3)
  2 rats
51 creatures vanquished.

Vanquished Creatures (others)
  2 kobolds (D:3)
2 creatures vanquished.

Grand Total: 53 creatures vanquished

Notes
Turn   | Place    | Note
-------+----------+-------------------------------------------
     0 | D:1      | Hades the Demonspawn Fighter began the quest for the Orb.
     0 | D:1      | Reached XP level 1. HP: 18/18 MP: 1/1
   236 | D:1      | Gained mutation: You have a pair of small horns on your
                  | head. [demonic ancestry]
   236 | D:1      | Reached XP level 2. HP: 21/24 MP: 2/2
   559 | D:1      | Found Terphujogg's Distillery.
   804 | D:2      | Found a faded altar of an unknown god.
   881 | D:2      | Reached XP level 3. HP: 27/29 MP: 3/3
  1454 | D:3      | Reached XP level 4. HP: 35/35 MP: 4/4
  2018 | D:3      | Reached skill level 1 in Spellcasting
  2523 | D:4      | Reached XP level 5. HP: 12/41 MP: 6/6
  2577 | D:4      | HP: 2/42 [orc/+0 trident (2)]
  2626 | D:4      | Noticed Edmund
  2628 | D:5      | Entered Level 5 of the Dungeon
  2637 | D:5      | Killed from afar by a white imp

Illustrated notes

Levels and vault maps discovered:
D:1:      nzn_arrival_settlement, layout_basic, serial_shops,
          nicolae_shop_hallway_plus
D:2:      layout_basic, basic_ecumenical_altar, dreamdust_princess_bridge
D:3:      layout_loops_ring, minmay_vboxes
D:4:      layout_rooms, mainiacjoe_overflow_surrounded_room,
          lemuel_mausoleum_altar_yredelemnul, mainiacjoe_overflow_alcove_2,
          amcnicky_mini_pool_small, uniq_ijyb, uniq_edmund, uniq_blork_the_orc
D:5:      lemuel_castle_with_subvaults [lemuel_castle_interior_carwin_2],
          layout_rooms, minmay_misc_feat_plants, uniq_duvessa

Skill      XL: |  1  2  3  4 |
---------------+-------------+-----
Shields        | 3 |  3.1
Long Blades    | 2 |  2.8
Armour         | 3 |  3.5
Spellcasting   | 1 |  1.1
Fighting       | |  3.6
Dodging        | |  0.4
Evocations     | |  0.4

Action                     |  1- 3 |  4- 6 || total
---------------------------+-------+-------++-------
  Melee: Long sword        |    77 |    57 ||   134
         Headbutt          |    13 |    14 ||    27
         Short sword       |       |    45 ||    45
    Use: Scroll            |     2 |     3 ||     5
         Potion            |     2 |     2 ||     4
 Armour: Scale mail        |    37 |    63 ||   100
  Dodge: Dodged            |    36 |    53 ||    89
  Block: Buckler           |    13 |    30 ||    43
